 Dungeon Crawl Stone Soup version 0.24-a0-81-gd227540562 (webtiles) character file.

Game seed: 5196291601235235094

554 grotesco the Skirmisher (level 7, -3/61 HPs)
             Began as a Demonspawn Wanderer on Feb 7, 2019.
             Killed by nerve-wracking pain
             ... invoked by an orc priest
              (12 damage)
             ... on level 5 of the Dungeon.
             The game lasted 00:08:17 (3430 turns).

grotesco the Skirmisher (Demonspawn Wanderer)       Turns: 3430, Time: 00:08:18

Health: -3/61      AC: 16    Str: 13    XL:     7   Next: 8%
Magic:  8/8        EV: 10    Int: 14    God:
Gold:   122        SH:  0    Dex: 13    Spells: 7/8 levels left

rFire    . . .     SeeInvis +   r - -1 dagger
rCold    . . .     Gourm    .   (no shield)
rNeg     . . .     Faith    .   c - +0 ring mail
rPois    .         Spirit   .   k - +1 helmet
rElec    .         Reflect  .   (no cloak)
rCorr    .         Harm     .   (no gloves)
MR       .....                  (no boots)
Stlth    +.........             (no amulet)
HPRegen  0.20/turn              e - ring of see invisible
MPRegen  0.11/turn              (no ring)

@: sanguine armour
A: claws 1, sanguine armour 2
a: no special abilities


You were on level 5 of the Dungeon.
You were not hungry.

You visited 2 branches of the dungeon, and saw 6 of its levels.

You collected 154 gold pieces.
You spent 32 gold pieces at shops.

Inventory:

Hand Weapons
 a - a +3 shortbow
 r - a -1 dagger (weapon)
Armour
 c - a +0 ring mail (worn)
 g - a +0 buckler
 k - a +1 helmet (worn)
Jewellery
 e - a ring of see invisible (left claw)
 p - an uncursed ring of fire
 s - an uncursed ring of ice
Scrolls
 d - 6 scrolls of identify
 j - 2 scrolls of teleportation
 l - 2 scrolls of remove curse
 o - a scroll of enchant armour
 q - a scroll of immolation {unknown}
Potions
 i - 2 potions of lignification {unknown}
 m - a potion of magic {unknown}
 n - a potion of curing
Comestibles
 f - 4 rations
 t - a chunk of flesh


   Skills:
 + Level 7.8 Fighting
 - Level 1.7 Bows
 - Level 1.0 Throwing
 - Level 1.0 Armour
 - Level 1.0 Stealth
 - Level 1.0 Spellcasting
   Level 1.0 Translocations
   Level 1.0 Poison Magic


You had 7 spell levels left.
You knew the following spells:

 Your Spells              Type           Power        Failure   Level  Hunger
a - Pain                  Necr           #...         50%         1    ##.....

Your spell library contained the following spells:

 Spells                   Type           Power        Failure   Level  Hunger
 Sandblast                Erth           #.....       50%         1    ##.....
 Passwall                 Tmut/Erth      #.......     63%         2    ###....
 Regeneration             Chrm/Necr      #.........   86%         3    ####...
 Stone Arrow              Conj/Erth      #.....       86%         3    ####...
 Petrify                  Tmut/Erth      #.......     99%         4    #####..
 Lee's Rapid Deconstruct  Erth           #.........   100%        5    ######.


Dungeon Overview and Level Annotations

Branches:
Dungeon (5/15)             Temple (1/1) D:4

Altars:
Makhleb
Nemelex Xobeh
The Shining One

Shops:
D:4 *


Innate Abilities, Weirdness & Mutations

You have sharp fingernails.
When seriously injured, your bleeding wounds create thick armour. (AC +9)


Message History

You barely miss the orc priest.
The orc priest is severely wounded.
The orc priest hits you but does no damage.
You closely miss the orc priest.
The orc priest is severely wounded.
The orc priest closely misses you.
You hit the orc priest.
The orc priest is severely wounded.
The orc priest invokes the aid of Beogh against you.
Beogh smites you!
* * * LOW HITPOINT WARNING * * *
You hit the orc priest.
The orc priest is almost dead.
The orc priest hits you with a cursed -1 club.
* * * LOW HITPOINT WARNING * * *
You hit the orc priest.
The orc priest is almost dead.
The orc priest invokes the aid of Beogh against you.
Pain shoots through your body!
You die...

.. .... #.# #..# ....
#.# #..# ..... '.. ...#
..... #.# #..# ......#.#
#..# ......#(###..#
.((.(..o)))..#
.#####@###..#
.#####.###o.#
.............#
#.#####.###.######## ###
................ #.>
...........)###########
#.#
#..####.###....))......#
#.# #..# #.#
#.#######.#### #.# #..#
#.# #.# #.#


You could see an orc priest.

Vanquished Creatures
  2 ogres (D:4)
  A scorpion (D:4)
  A bullfrog skeleton (D:4)
  2 orc wizards
  Jessica (D:2)
  A worker ant (D:5)
  A hound skeleton (D:4)
  A worker ant zombie (D:5)
  6 gnolls
  4 adders
  An ooze (D:3)
  4 worms
  2 leopard geckos (D:2)
  12 orcs
  2 giant cockroaches
  4 goblins
  3 hobgoblins
  9 kobolds
  2 quokkas (D:2)
  6 bats
  5 frilled lizards
  A jackal skeleton (D:4)
  A leopard gecko skeleton (D:4)
  A quokka skeleton (D:4)
  4 rats
77 creatures vanquished.

Notes
Turn   | Place    | Note
-------+----------+-------------------------------------------
     0 | D:1      | grotesco the Demonspawn Wanderer began the quest for the
                  | Orb.
     0 | D:1      | grotesco set off with the following items: a +2 shortbow,
                  | 27 arrows, a +0 ring mail, a ration; and the following
                  | spell memorised: Pain; and the following spells available
                  | to memorise: Regeneration
     0 | D:1      | Reached XP level 1. HP: 16/16 MP: 2/2
   289 | D:1      | Gained mutation: When seriously injured, your bleeding
                  | wounds create armour. (AC +9) [demonic ancestry]
   289 | D:1      | Reached XP level 2. HP: 22/23 MP: 3/3
   433 | D:1      | Reached skill level 3 in Fighting
   816 | D:2      | Noticed Jessica
   817 | D:2      | Killed Jessica
   817 | D:2      | Reached skill level 4 in Fighting
   817 | D:2      | Gained mutation: You have sharp fingernails. [demonic
                  | ancestry]
   817 | D:2      | Reached XP level 3. HP: 30/30 MP: 4/4
   918 | D:2      | Reached XP level 4. HP: 31/38 MP: 5/5
  1815 | D:3      | Reached skill level 5 in Fighting
  2276 | D:4      | Reached XP level 5. HP: 30/44 MP: 6/6
  2381 | D:4      | Noticed an ogre
  2386 | D:4      | Killed an ogre
  2386 | D:4      | Reached skill level 6 in Fighting
  2473 | D:4      | Gained mutation: When seriously injured, your bleeding
                  | wounds create thick armour. (AC +9) [demonic ancestry]
  2473 | D:4      | Reached XP level 6. HP: 33/53 MP: 7/7
  2661 | D:4      | Found a staircase to the Ecumenical Temple.
  2668 | D:4      | Reached skill level 7 in Fighting
  2680 | Temple   | Entered the Ecumenical Temple
  2813 | D:4      | Found Xakhufac's Assorted Antiques.
  2831 | D:4      | Bought a scroll labeled PEPLAO DOORGHA for 32 gold pieces
  3176 | D:5      | Entered Level 5 of the Dungeon
  3391 | D:5      | Reached XP level 7. HP: 43/61 MP: 8/8
  3430 | D:5      | Killed from afar by an orc priest

Levels and vault maps discovered:

Skill      XL: |  1  2  3  4  5  6 |
---------------+-------------------+-----
Fighting       | 4 5 6 7 |  7.8
Bows           | |  1.7
Throwing       | |  1.0
Armour         | |  1.0
Stealth        | |  1.0
Spellcasting   | |  1.0
Translocations | |  1.0
Poison Magic   | |  1.0

Action                   |  1- 3 |  4- 6 |  7- 9 || total
-------------------------+-------+-------+-------++-------
Melee: Dagger            |       |       |     5 ||     5
 Fire: Shortbow          |    65 |   172 |    18 ||   255
  Use: Scroll            |       |     9 |     1 ||    10
       Potion            |       |       |     1 ||     1
  Eat: Ration            |       |     1 |       ||     1
       Chunk             |       |     4 |       ||     4
Armor: Ring mail         |     8 |    39 |     9 ||    56
Dodge: Dodged            |     8 |    43 |    10 ||    61

Table legend:
 A = Non-vault XP
 B = Vault XP
 C = Vault XP percentage of total XP
 D = Non-vault monster count
 E = Vault monster count
 F = Vault count percentage of total count
                 A         B        C        D         E       F
            +---------+---------+-------+---------+---------+-------
      Total |     753 |      39 |   4.9 |      75 |       2 |   2.6
            +---------+---------+-------+---------+---------+-------
        D:1 |      19 |       0 |   0.0 |      13 |       0 |   0.0
        D:2 |      71 |      39 |  35.5 |      22 |       2 |   8.3
        D:3 |      38 |       0 |   0.0 |      10 |       0 |   0.0
        D:4 |     471 |       0 |   0.0 |      16 |       0 |   0.0
        D:5 |     154 |       0 |   0.0 |      14 |       0 |   0.0
            +---------+---------+-------+---------+---------+-------
